 Dungeon Sprint DCSS version 0.21.0-24-g2553a33 (webtiles) character file.

104 letownia2 the Ruffian (level 4, -3/44 HPs)
             Began as a Troll Wizard on Jan 19, 2018.
             Slain by Sigmund
             ... wielding a +0 scythe
              (9 damage)
             ... in the Dungeon (Sprint I: "Red Sonja").
             The game lasted 00:01:18 (104 turns).

letownia2 the Ruffian (Troll Wizard)                 Turns: 104, Time: 00:01:19

Health: -3/44      AC:  5    Str: 15    XL:     4   Next: 52%
Magic:  2/7        EV:  9    Int: 15    God:
Gold:   54         SH:  0    Dex:  8    Spells: 2/8 levels left

rFire    . . .     SeeInvis .     - Unarmed
rCold    . . .     Gourm    +   (no shield)
rNeg     . . .     Faith    .   a - +0 robe
rPois    .         Spirit   .   b - +0 hat
rElec    .         Reflect  .   (no cloak)
rCorr    .         Harm     .   (gloves unavailable)
MR       .....     NoTele   +   (boots unavailable)
Stlth    +.........             (no amulet)
HPRegen  0.54/turn              (no ring)
MPRegen  0.10/turn              (no ring)

@: very slightly contaminated
A: large, unfitting armour, claws 3, fast metabolism 3, gourmand, regeneration
1, shaggy fur 1, tough skin 2
a: no special abilities


You were in the Dungeon.
You were full.

You visited 1 branch You collected 54 gold pieces.

Inventory:

Armour
 a - a +0 robe (worn)
 b - a +0 hat (worn)
Scrolls
 j - a scroll of blinking
Potions
 e - a potion of curing
 f - a potion of heal wounds
 g - a potion of haste
 h - 2 potions of magic
 i - a potion of berserk rage
Books
 c - a book of Minor Magic

   Spells                             Type                      Level
   a - Magic Dart                     Conjuration                  1
   b - Blink                          Translocation                2
   c - Call Imp                       Summoning                    2
   d - Slow                           Hexes                        2
   e - Conjure Flame                  Conjuration/Fire             3
   f - Mephitic Cloud                 Conjuration/Poison/Air       3
Comestibles
 d - 2 rations
 k - 4 chunks of flesh


   Skills:
 + Level 2.5 Fighting
 - Level 1.5 Dodging
 - Level 1.0 Stealth
 + Level 6.6 Unarmed Combat
 + Level 2.9 Spellcasting
 + Level 2.5 Conjurations
   Level 0.6 Summonings
 - Level 0.6 Translocations


You had 2 spell levels left.
You knew the following spells:

 Your Spells              Type           Power        Failure   Level  Hunger
a - Magic Dart            Conj           #...         7%          1    #......
b - Blink                 Tloc           N/A          24%         2    ##.....
e - Mephitic Cloud        Conj/Pois/Air  #.......     38%         3    ###....


Dungeon Overview and Level Annotations

Branches:
Dungeon (1/1)

Altars:

Annotations:
D Sigmund


Innate Abilities, Weirdness & Mutations

You are too large for most types of armour.
You have claws for hands.
Your metabolism is lightning-fast.
You like to eat raw meat.
Your natural rate of healing is unusually fast.
You are covered in fur. (AC +1)
You have very tough skin. (AC +2)


Message History

* * * LOW HITPOINT WARNING * * *
Casting: Mephitic Cloud
Confirm with . or Enter, or press ? or * to list all spells.
Aiming: Mephitic Cloud
Press: ? - help, Shift-Dir - straight line You miscast Mephitic Cloud.
You are very lightly contaminated with residual magic.
Nothing appears to happen.
You claw something!
You hear some strange, mumbled words.
A puff of flame appears from out of thin air!
The puff of flame misses you.
Unknown command.
You scratch something but do no damage. Something hits you.
* * * LOW HITPOINT WARNING * * *
Unknown command.
You completely miss something.
Unknown command.
You closely miss something. Something hits you!
You die...

#############
#<.#.))..#..+
#..@{.#..'..#
#..#####'####
#..# #..#
#..# ####
#..# #⌠⌠#
####


There were no monsters in sight!

Vanquished Creatures
  An ogre (D)
  Ijyb (D)
2 creatures vanquished.

Notes
Turn   | Place    | Note
-------+----------+-------------------------------------------
     0 | D        | letownia2 the Troll Wizard began the quest for the Orb.
     0 | D        | Reached XP level 1. HP: 16/16 MP: 2/2
     2 | D        | Noticed Ijyb
    16 | D        | Killed Ijyb
    16 | D        | Reached skill level 5 in Unarmed Combat
    16 | D        | Reached XP level 2. HP: 18/24 MP: 4/4
    30 | D        | Learned a level 2 spell: Blink
    32 | D        | Noticed an ogre
    38 | D        | Killed an ogre
    38 | D        | Reached skill level 6 in Unarmed Combat
    38 | D        | Reached XP level 3. HP: 36/36 MP: 6/6
    38 | D        | Reached XP level 4. HP: 44/44 MP: 7/7
    47 | D        | Learned a level 3 spell: Mephitic Cloud
    55 | D        | Noticed Sigmund
   104 | D        | Slain by Sigmund

Skill      XL: |  1  2 |
---------------+-------+-----
Unarmed Combat | 5 6 |  6.6
Fighting       | 2 |  2.5
Conjurations   | 2 |  2.5
Dodging        | |  1.5
Stealth        | |  1.0
Spellcasting   | |  2.9
Summonings     | |  0.6
Translocations | |  0.6

Action                   |  1- 3 |  4- 6 || total
-------------------------+-------+-------++-------
Melee: Unarmed           |    18 |    10 ||    28
 Cast: Mephitic Cloud    |       |     1 ||     1
  Eat: Chunk             |     2 |     2 ||     4
Armor: Robe              |     5 |     1 ||     6
Dodge: Dodged            |     6 |     1 ||     7
